 Dungeon Crawl Stone Soup version 0.30.0-5-g1a98f26d00 (webtiles) character file.

Game seed: 13117429444714407536

18 browni3141 the Trooper (level 2, -3/33 HPs)
             Began as an Ogre Delver on May 10, 2023.
             Slain by a water moccasin (4 damage)
             ... on level 8 of the Dungeon.
             The game lasted 00:02:40 (661 turns).

browni3141 the Trooper (Ogre Delver)                 Turns: 661, Time: 00:02:40

Health: -3/33      AC:  3    Str: 15    XL:     2   Next: 66%
Magic:  2/2        EV:  9    Int: 11    God:
Gold:   17         SH:  0    Dex: 10    Spells: 1/1 levels left

rFire   . . .        a - +0 mace
rCold   . . .        (no shield)
rNeg    . . .        b - +0 robe
rPois   .            (helmet restricted)
rElec   .            (no cloak)
rCorr   .            (gloves unavailable)
SInv    .            (boots unavailable)
Will    .....        (no amulet)
Stlth   ++           (no ring)
HPRegen 0.25/turn    (no ring)
MPRegen 0.08/turn

%: no passive effects
@: lethally poisoned (-3 -> -12), hasted, very quick
A: large, unfitting armour, tough skin 1
a: no special abilities


You were on level 8 of the Dungeon.
You visited 1 branch of the dungeon, and saw 2 of its levels.

You collected 17 gold pieces.

Inventory:

Hand Weapons
 a - a +0 mace (weapon)
 G - a +0 short sword of draining
Missiles
 J - 3 poisoned darts (quivered)
Armour
 b - a +0 robe (worn)
Wands
 g - a wand of digging (3)
Scrolls
 d - a scroll of magic mapping
 F - a scroll of fog
 H - a scroll of teleportation {unknown}
 I - 2 scrolls of identify {unknown}


   Skills:
 + Level 4.4 Fighting
 * Level 2.5 Maces & Flails
 - Level 1.7 Dodging
 - Level 3.7 Stealth


You had one spell level left.
You didn't know any spells.
Your spell library was empty.

Dungeon Overview and Level Annotations

Branches:
Dungeon (8/15)
 Temple: D:4-7         Lair: D:8-11

Altars:


Innate Abilities, Weirdness & Mutations

You are too large for most types of armour.
You have tough skin. (AC +1)


Message History

Unknown command.
Okay, then.
Press: ? - help, v - describe, . - travel, g - get item Item here: a +0 dagger.
The floor, spattered with blood.
Throw: 6 darts (poison)
Press: ? - help, Q - select action Shift-Dir - straight line, f - kobold brigand
Aim: a kobold brigand, wielding a +0 club and quivering poisoned darts (50% to hit)
You throw a poisoned dart.
The poisoned dart hits the kobold brigand.
The kobold brigand is poisoned.
The kobold brigand throws a poisoned dart.
The poisoned dart misses you.
Throw: 5 darts (poison)
Press: ? - help, Q - select action Shift-Dir - straight line, f/p - kobold brigand
Aim: a kobold brigand, wielding a +0 club and quivering poisoned darts (poisoned, 50% to hit)
You throw a poisoned dart.
The poisoned dart misses the kobold brigand.
The poisoned dart closely misses the kobold.
The kobold shouts!
Throw: 4 darts (poison)
Press: ? - help, Q - select action Shift-Dir - straight line, f/p - kobold brigand
Aim: a kobold brigand, wielding a +0 club and quivering poisoned darts (poisoned, 50% to hit)
You throw a poisoned dart.
The poisoned dart hits the kobold brigand.
The kobold brigand looks even sicker.
You see here a +0 dagger.
The kobold throws a stone.
The stone closely misses you.
The kobold brigand throws a poisoned dart.
The poisoned dart hits you!
You are poisoned.
You feel sick.
The kobold brigand throws a poisoned dart.
The poisoned dart hits you!
You are more poisoned.
You feel very sick.
You feel very sick.
You feel very sick.
You feel sick.
The kobold throws a stone.
The stone hits you but does no damage.
You feel sick.
You feel sick.
You feel sick.
You feel sick.
The kobold brigand throws a poisoned dart.
The poisoned dart barely misses you.
You feel sick.
You feel sick.
You feel sick.
You are no longer poisoned.
You see here a +0 club.
You see here a +0 dagger.
You start resting.
HP restored.
As you open the door, it creaks loudly!
There is an open door here.
There is an open door here.
You see here a +0 great sword.
A hornet comes into view.
The hornet buzzes angrily.
As you read the scroll of fear, it crumbles to dust.
You assume a fearsome visage.
The hornet looks frightened!
A water moccasin comes into view.
You miss the water moccasin. The water moccasin bites you.
You are poisoned.
The water moccasin poisons you! The water moccasin bites you.
You thump the water moccasin!
The water moccasin is moderately wounded.
You feel very sick. The water moccasin barely misses you.
The water moccasin closely misses you.
You barely miss the water moccasin.
The water moccasin is moderately wounded.
You feel sick. The water moccasin bites you.
The water moccasin closely misses you.
You feel yourself speed up.
You feel sick. The water moccasin barely misses you.
You sock the water moccasin!
The water moccasin is heavily wounded.
You feel sick. The water moccasin misses you.
You closely miss the water moccasin.
The water moccasin is heavily wounded.
You feel sick. The water moccasin bites you. x2
You are lethally poisoned!
The water moccasin poisons you!
You hit the water moccasin.
The water moccasin is severely wounded.
* * * LOW HITPOINT WARNING * * *
You feel very sick.
The water moccasin bites you but does no damage.
You hit the water moccasin.
The water moccasin is almost dead.
* * * LOW HITPOINT WARNING * * *
You feel very sick. The water moccasin bites you.
* * * LOW HITPOINT WARNING * * *
You closely miss the water moccasin.
The water moccasin is almost dead.
* * * LOW HITPOINT WARNING * * *
You feel sick. The water moccasin bites you.
You die...

........# P..
........#######.P..P
..........#.....S..#
..........###.####.#
..................#
.. .......###.##.#
#### ##......##.#
>... #..##..##S# ###
####..##...@.# #
#.....##.###.# #
#.#........###
######.#.#.#.....
.......#.#.####.#
########.#.. ..
.......#.####
.......#.#
#####....#


You could see a water moccasin.

Vanquished Creatures
  An adder (D:5)
  An orc (D:5)
  5 kobolds (D:8)
7 creatures vanquished.

Notes
Turn   | Place    | Note
-------+----------+-------------------------------------------
     0 | D:5      | browni3141 the Ogre Delver began the quest for the Orb.
     0 | D:5      | Reached XP level 1. HP: 24/24 MP: 1/1
    53 | D:5      | Reached XP level 2. HP: 27/32 MP: 2/2
   269 | D:5      | You fall into a shaft and drop 3 floors!
   417 | D:8      | Noticed a kobold brigand
   615 | D:8      | Noticed a hornet
   644 | D:8      | Noticed a water moccasin
   661 | D:8      | HP: 1/33 [poisoned by a water moccasin]
   661 | D:8      | Slain by a water moccasin

Illustrated notes

Levels and vault maps discovered:
D:5:      minmay_chambers_of_threes, layout_loops_ring, serial_co_window_serial,
          co_window_paths_a, co_window_paths_b, co_window_corner_a,
          co_window_of_opportunity_a, co_window_corner_a,
          co_window_unsneaky_path_c, co_window_corner_b, co_window_2corner,
          co_window_paths_e, minmay_misc_feat_chi
D:8:      gammafunk_the_bubble [the_bubble_gammafunk_crates], layout_basic,
          due_lair_maze_entry_diamond

Skill      XL: |  1 |
---------------+----+-----
Maces & Flails | 2 |  2.5
Fighting       | |  4.4
Dodging        | |  1.7
Stealth        | |  3.7

Action                     || total
---------------------------++-------
  Melee: Mace              ||    26
  Throw: Dart              ||     3
    Use: Scroll            ||     1
         Potion            ||     1
 Armour: Robe              ||     8
  Dodge: Dodged            ||    22
